 Dungeon Crawl Stone Soup version 0.19.3-1-g3169bf9 (webtiles) character file.

245 Alarkh the Carver (level 5, -8/36 HPs)
             Began as a High Elf Monk on Jan 25, 2017.
             Was a Believer of Okawaru.
             Killed by divine providence
             ... invoked by an orc priest
              (17 damage)
             ... on level 5 of the Dungeon.
             The game lasted 00:04:32 (3546 turns).

Alarkh the Carver (High Elf Monk)                   Turns: 3546, Time: 00:04:33

Health: -8/36      AC:  3    Str:  8    XL:     5   Next: 83%
Magic:  6/6        EV: 14    Int: 14    God:    Okawaru [**....]
Gold:   146        SH:  0    Dex: 18    Spells: 0 memorised, 4 levels left

rFire  . . .     SeeInvis .     a - +1 long sword (slice)
rCold  . . .     Gourm    .     b - +0 robe
rNeg   . . .     Faith    +     (no shield)
rPois  .         Spirit   .     (no helmet)
rElec  .         Reflect  .     h - +0 cloak
rCorr  .         Harm     .     (no gloves)
MR     .....                    (no boots)
Stlth  ++........               t - amulet of faith
                                (no ring)
                                (no ring)

@: no status effects
A: sense surroundings 1, screaming 1, weak 1
a: Heroism, Renounce Religion


You were on level 5 of the Dungeon.
You worshipped Okawaru.
Okawaru was pleased with you.
You were hungry.

You visited 1 branch of the dungeon, and saw 6 of its levels.

You collected 146 gold pieces.

Inventory:

Hand Weapons
 a - a +1 long sword of slicing (weapon)
 n - a +0 falchion
Armour
 b - a +0 robe (worn)
 h - a +0 cloak (worn)
Jewellery
 t - an amulet of faith (around neck)
 v - an uncursed amulet of the gourmand {unknown}
Wands
 u - a wand of slowing (17/48)
Scrolls
 d - 6 scrolls of magic mapping
 e - a scroll of identify
 g - 4 scrolls of remove curse
 i - 3 scrolls of blinking {unknown}
 l - a scroll of noise {unknown}
 m - 3 scrolls of immolation
 s - 3 scrolls of teleportation {unknown}
 x - 2 scrolls of recharging {unknown}
Potions
 j - a potion of haste
 k - 2 potions of curing
 q - a potion of flight
 r - a potion of cure mutation
Comestibles
 c - 3 bread rations
 f - a royal jelly
 o - 7 chunks of flesh
 p - 9 fruits
 w - 2 meat rations


   Skills:
 - Level 3.0 Fighting
 * Level 8.0 Long Blades
 - Level 3.2 Dodging
 - Level 2.1 Stealth


You had 4 spell levels left.
You didn't know any spells.

Dungeon Overview and Level Annotations

Branches:
Dungeon (6/15)             Temple (0/1) D:6

Altars:
Ashenzari
Cheibriados
Gozag
Kikubaaqudgha
Okawaru
Ru
Trog
Xom

Annotations:
D:5 Prince Ribbit


Innate Abilities, Weirdness & Mutations

You passively map a small area around you.
You occasionally shout uncontrollably at your foes.
You are weak. (Str -2)


Message History

The iguana resists with significant effort.
Evoking this partially-identified wand wasted a few charges.
The iguana misses you.
You riposte.
You hit the iguana but do no damage.
The iguana is heavily wounded.
The orc priest calls down the wrath of Beogh upon you.
Pain shoots through your body!
* * * LOW HITPOINT WARNING * * *
Evoke which item? (* to show all) (? for menu, Esc to quit)
You don't have any such object.
Evoke which item? (* to show all) (? for menu, Esc to quit)
You don't have any such object.
Evoke which item? (* to show all) (? for menu, Esc to quit)
Zapping:
u - a wand of slowing {zapped: 5} (will waste charges)
Press: ? - help, Shift-Dir - straight line, f - orc priest, p - iguana
Aim: an orc priest, wielding a club (chance to defeat MR: 51%)
The orc priest resists with significant effort.
Evoking this partially-identified wand wasted a few charges.
The orc priest calls down the wrath of Beogh upon you.
Beogh smites you!
You die...

........#.###############.#.#
,, ..h..#..... ......#.##
#...# , ....##,.#...
...$.#..# ####.# .....
............#..###....#
..+####
#...o####........##.#* , ...
#.<....o.........##.# * *
#....F##.........##.# * * , ,
#..l.......##.. , , ,
#.@........#### *
#.#####....# ** * * , #. *
###### , , ,, .. , * * ..#
*##.*, * #. * #. , *


You could see an iguana and an orc priest.

Vanquished Creatures
  A centaur (D:5)
  Crazy Yiuf (D:2)
  A hound (D:4)
  2 adders (D:3)
  3 worms
  A dart slug (D:3)
  6 leopard geckos
  2 orcs (D:5)
  5 giant cockroaches
  12 goblins
  8 hobgoblins
  4 jackals (D:2)
  A quokka (D:3)
  2 ball pythons
  4 bats
  2 frilled lizards
  8 kobolds
  6 rats
69 creatures vanquished.

Notes
Turn   | Place    | Note
-------+----------+-------------------------------------------
     0 | D:1      | Alarkh the High Elf Monk began the quest for the Orb.
     0 | D:1      | Reached XP level 1. HP: 16/16 MP: 2/2
   208 | D:1      | Reached skill level 4 in Long Blades
   300 | D:1      | Reached XP level 2. HP: 21/21 MP: 3/3
   341 | D:1      | Found a shattered altar of Ashenzari.
   402 | D:2      | Found a runed door.
   790 | D:1      | Reached skill level 5 in Long Blades
  1107 | D:1      | Reached XP level 3. HP: 26/26 MP: 4/4
  1306 | D:2      | Found a shimmering altar of Xom.
  1306 | D:2      | Found a bloodstained altar of Trog.
  1307 | D:2      | Found an iron altar of Okawaru.
  1334 | D:2      | Became a worshipper of Warmaster Okawaru
  1334 | D:2      | Reached * piety under Okawaru
  1334 | D:2      | Reached ** piety under Okawaru
  1768 | D:2      | Found an opulent altar of Gozag.
  1887 | D:2      | Noticed Crazy Yiuf
  1898 | D:2      | Killed Crazy Yiuf
  1898 | D:2      | Reached skill level 6 in Long Blades
  1898 | D:2      | Reached XP level 4. HP: 31/31 MP: 2/5
  3024 | D:4      | Found a snail-covered altar of Cheibriados.
  3028 | D:4      | Found an ancient bone altar of Kikubaaqudgha.
  3112 | D:4      | Reached skill level 7 in Long Blades
  3112 | D:4      | Reached XP level 5. HP: 32/36 MP: 6/6
  3177 | D:4      | Found a sacrificial altar of Ru.
  3345 | D:5      | Entered Level 5 of the Dungeon
  3379 | D:5      | Noticed a centaur
  3389 | D:5      | Noticed Prince Ribbit
  3394 | D:5      | Found an opulent altar of Gozag.
  3400 | D:6      | Found a staircase to the Ecumenical Temple.
  3400 | D:6      | Noticed an ogre
  3411 | D:6      | Noticed an ice beast
  3423 | D:5      | Gained mutation: You occasionally shout uncontrollably at your foes. [potion of mutation]
  3423 | D:5      | Gained mutation: You passively map a small area around you. [potion of mutation]
  3423 | D:5      | Gained mutation: You are weak. (Str -2) [potion of mutation]
  3441 | D:5      | Killed a centaur
  3441 | D:5      | Reached skill level 8 in Long Blades
  3546 | D:5      | Killed from afar by an orc priest

Skill      XL: |  1  2  3  4  5 |
---------------+----------------+-----
Long Blades    | 4 5 6 7 8 |  8.0
Fighting       | |  3.0
Dodging        | |  3.2
Stealth        | |  2.1

Action                   |  1- 3 |  4- 6 || total
-------------------------+-------+-------++-------
Melee: Falchion          |   110 |       ||   110
       Long sword        |    24 |    59 ||    83
       Punch             |       |     1 ||     1
Invok: Heroism           |     1 |     1 ||     2
Evoke: Wand              |       |     3 ||     3
  Use: Potion            |     5 |     2 ||     7
       Scroll            |     1 |     3 ||     4
 Stab: Sleeping          |     4 |     6 ||    10
  Eat: Chunk             |     3 |     5 ||     8
Armor: Robe              |    20 |     5 ||    25
Dodge: Dodged            |   125 |    43 ||   168
       Rpst.: Falchion   |    37 |       ||    37
       Long sword        |     4 |    14 ||    18
